 Dungeon Crawl Stone Soup version 0.31-a0-700-gf13585253f (webtiles) character file.

Game seed: 4401935340855294478

2161 lunkers the Martial Artist (level 9, -3/67 HPs)
             Began as a Meteoran Shapeshifter on Sept 7, 2023.
             Was an Initiate of Okawaru.
             Slain by a komodo dragon (19 damage)
             ... on level 7 of the Dungeon.
             The game lasted 00:07:23 (3552 turns).

lunkers the Martial Artist (Meteoran Shapeshifter)  Turns: 3552, Time: 00:07:24

Health: -3/67      AC:  9    Str: 15    XL:     9   Next: 87%
Magic:  10/10      EV: 11    Int: 12    God:    Okawaru [......]
Gold:   410        SH:  0    Dex: 19    Spells: 8/8 levels left

rFire   . .          .
                       - Unarmed
rCold   . . .        (no shield)
rNeg    . . .        q - +0 ring mail
rPois   .            (helmet currently unavailable)
rElec   .            (cloak currently unavailable)
rCorr   .            (gloves currently unavailable)
SInv    .            (boots currently unavailable)
Will    +....        (no amulet)
Stlth   +            p - +4 ring of protection
HPRegen 0.31/turn    (no ring)
MPRegen 0.12/turn

%: no passive effects
@: beast-form, glowing
A: beast (slay +4), sense surroundings 2, otherworldly, glowing, explore regen
a: Begin Untransformation, Renounce Religion


You were on level 7 of the Dungeon.
You worshipped Okawaru.
Okawaru was noncommittal.
You were a hulking beast.
You visited 2 branches of the dungeon, and saw 8 of its levels.
You also visited: Sewer.

You collected 410 gold pieces.

Inventory:

Armour
 a - a +0 animal skin
 j - a +0 pair of boots
 q - a +0 ring mail (worn)
 y - an orb of mayhem
 B - a +0 pair of gloves
Jewellery
 p - a +4 ring of protection (left hand)
Talismans
 c - a beast talisman (active)
 d - a flux talisman
Wands
 r - a wand of flame (14)
 s - a wand of roots (11)
Scrolls
 f - a scroll of summoning
 h - 2 scrolls of teleportation
 l - a scroll of immolation
 t - 2 scrolls of enchant weapon
 u - 2 scrolls of noise
 x - a scroll of fear
 A - a scroll of identify
Potions
 b - 3 potions of lignification
 e - a potion of brilliance
 g - 2 potions of mutation
 i - 4 potions of curing
 k - 3 potions of might
 m - 2 potions of haste {unknown}
 n - a potion of heal wounds {unknown}
 o - a potion of invisibility {unknown}
 v - a potion of enlightenment {unknown}
 w - 5 potions of attraction
 z - 2 potions of cancellation


   Skills:
 + Level 1.8 Fighting
 + Level 2.6 Dodging
 * Level 12.0 Unarmed Combat
 + Level 8.4 Shapeshifting


You had 8 spell levels left.
You didn't know any spells.
Your spell library contained the following spells:

 Spells                   Type           Power      Damage    Failure   Level
 Sting                    Tmut/Pois      0%         1d3       54%         1
 Poisonous Vapours        Pois/Air       0%         N/A       69%         2
 Scorch                   Fire           0%         2d5       69%         2
 Sublimation of Blood     Necr           0%         N/A       69%         2
 Wereblood                Tmut           0%         N/A       69%         2
 Flame Wave               Conj/Fire      0%         2d4       100%        4
 Olgreb's Toxic Radiance  Pois           0%         N/A       100%        4
 Passage of Golubria      Tloc           0%         N/A       100%        4
 Silence                  Hex/Air        0%         N/A       100%        5
 Lehudib's Crystal Spear  Conj/Erth      0%         10d2      100%        8
 Summon Cactus Giant      Summ           Unusable   N/A       N/A         6
 Summon Hydra             Summ           Unusable   N/A       N/A         7

Dungeon Overview and Level Annotations

Branches:
Dungeon (7/15) Zot: 1023   Temple (1/1) D:7 Zot: 560   Sewer (visited)

Altars:
Ashenzari
Cheibriados
Dithmenos
Elyvilon
Fedhas
Gozag
Hepliaklqana
Kikubaaqudgha
Makhleb
Nemelex Xobeh
Okawaru
Qazlal
Ru
Sif Muna
Trog
Uskayaw
Vehumet
Wu Jian
Xom
Yredelemnul
Zin
The Shining One


Innate Abilities, Weirdness & Mutations

You are a hulking beast.
Your limbs bulge with bestial killing power. (Slay +4)
You passively map the area around you.
You are easily found by Zot.
You glow in the dark.
You regain HP and MP as you explore.


Message History

No reachable target in view!
No reachable target in view!
No reachable target in view!
No reachable target in view!
You see here a dark potion.
m - 2 dark potions (gained 1)
You see here 15 gold pieces.
You now have 395 gold pieces (gained 24).
A - a scroll of identify
There are no items here.
You see here 15 gold pieces.
You now have 410 gold pieces (gained 15).
You see here a +0 pair of gloves.
B - a +0 pair of gloves A troll is nearby!
There is an open door here.
HP restored.
A komodo dragon comes into view.
Found a broad axe.
The komodo dragon hisses angrily.
You punch the komodo dragon!
The komodo dragon is lightly wounded.
The komodo dragon bites you but does no damage.
You hit the komodo dragon.
The komodo dragon is moderately wounded.
The komodo dragon closely misses you.
You hit the komodo dragon but do no damage.
The komodo dragon is moderately wounded.
You hit the komodo dragon.
The komodo dragon is moderately wounded.
The komodo dragon bites you!!
* * * LOW HITPOINT WARNING * * *
You closely miss the komodo dragon.
The komodo dragon is moderately wounded.
The komodo dragon bites you!!
* * * LOW HITPOINT WARNING * * *
You hit the komodo dragon.
The komodo dragon is moderately wounded.
The komodo dragon bites you!!
You die...

.## ##......### #.#
..............# #.#
..............# ### ##.#
.##....#......###.# #..#
.#....##..#.....#.######.##
##..#....##.<............#
# *##### ################
** ** ########## ,, *
,#..hl..).# ,*
#.#####.#.###### ,,
#.......#...,,,*
*#######.###### * , ,
*,#.......'.)#, *,
#.#####.#..# #.#.....#..# *
,* ###.#.###### * , , ..
#.#..h.*


You could see a komodo dragon.

Vanquished Creatures
  A steam dragon (D:6)
  2 water moccasins
  A sky beast (D:6)
  2 ice beasts
  2 black bears
  An ogre (D:5)
  2 centaurs
  A bullfrog (D:7)
  A scorpion (D:5)
  9 wights (D:6)
  A howler monkey (D:7)
  2 hounds
  An orc priest (D:5)
  5 jellies
  2 iguanas
  An orc wizard (D:5)
  11 adders
  A gnoll (D:1)
  A river rat (Sewer)
  An ufetubus (D:6)
  2 worms
  3 dart slugs
  An orc (D:5)
  4 bats
  3 endoplasms
  3 giant cockroaches
  6 goblins
  13 hobgoblins
  3 jackals (D:3)
  3 quokkas
  5 ball pythons
  13 frilled lizards
  7 kobolds
  11 rats
125 creatures vanquished.

Notes
Turn   | Place    | Note
-------+----------+-------------------------------------------
     0 | D:1      | lunkers the Meteoran Shapeshifter began the quest for the
                  | Orb.
     0 | D:1      | Reached XP level 1. HP: 16/16 MP: 2/2
    48 | D:1      | Reached skill level 4 in Unarmed Combat
    48 | D:1      | Reached XP level 2. HP: 22/23 MP: 3/3
   111 | D:1      | Reached XP level 3. HP: 27/28 MP: 4/4
   525 | D:2      | Reached XP level 4. HP: 34/35 MP: 5/5
   575 | D:2      | Reached skill level 5 in Unarmed Combat
  1093 | D:3      | Reached XP level 5. HP: 40/40 MP: 6/6
  1310 | D:3      | Noticed a black bear
  1318 | D:3      | Killed a black bear
  1319 | D:3      | Reached skill level 6 in Unarmed Combat
  1319 | D:3      | Reached skill level 5 in Shapeshifting
  1319 | D:3      | Reached XP level 6. HP: 41/47 MP: 7/7
  1505 | D:3      | Found a faded altar of an unknown god.
  1922 | D:4      | Noticed an ice beast
  1931 | D:4      | Killed an ice beast
  1932 | D:4      | Reached skill level 7 in Unarmed Combat
  1932 | D:4      | Reached XP level 7. HP: 31/52 MP: 8/8
  1944 | D:4      | Found a glowing drain.
  1956 | Sewer    | Entered a sewer
  2518 | D:5      | Entered Level 5 of the Dungeon
  2579 | D:5      | Reached skill level 8 in Unarmed Combat
  2747 | D:5      | Reached XP level 8. HP: 59/59 MP: 9/9
  2871 | D:6      | Reached skill level 9 in Unarmed Combat
  2998 | D:6      | Reached skill level 10 in Unarmed Combat
  3022 | D:6      | Gained mutation: You passively map the area around you.
                  | [Meteoran growth]
  3022 | D:6      | Reached XP level 9. HP: 21/64 MP: 10/10
  3105 | D:6      | Reached skill level 11 in Unarmed Combat
  3116 | D:6      | HP: 3/63 [wight/+4 short sword (1)]
  3295 | D:7      | Found a basalt altar of Yredelemnul.
  3386 | D:7      | Found a staircase to the Ecumenical Temple.
  3396 | Temple   | Entered the Ecumenical Temple
  3415 | Temple   | Became a worshipper of Warmaster Okawaru
  3504 | D:7      | Reached skill level 12 in Unarmed Combat
  3516 | D:7      | Noticed a troll
  3543 | D:7      | Noticed a komodo dragon
  3552 | D:7      | Slain by a komodo dragon

Illustrated notes

Levels and vault maps discovered:
D:1:      mrwooster_arrival_statue_3, layout_loops_cross
D:2:      minmay_diamond_boxcup, layout_basic, serial_shops,
          nicolae_shop_rolled_up, kennysheep_flooded_box,
          chequers_serial_rivers_small_3
D:3:      kennysheep_six_static_rooms, layout_loops_ring,
          chequers_ecumenical_altar_simple_redux, minivault_4
D:4:      layout_loops_ring, cheibrodos_sewer_entry_bend,
          minmay_misc_feat_hallway
D:5:      layout_gridville, gammafunk_ghost_nasty_kobolds, nicolae_hexahallways,
          kennysheep_generic_room_11
D:6:      layout_cave_pods
D:7:      layout_cave_pools, mainiacjoe_overflow_small_starburst,
          temple_statues, wad_mini_maze
Temple:   mainiacjoe_temple_circle_huts

Skill      XL: |  1  2  3  4  5  6  7  8  9 |
---------------+----------------------------+-----
Unarmed Combat | 4 5 6 7 8 10 12 | 12.0
Shapeshifting  | 4 5 6 7 8 |  8.4
Fighting       | |  1.8
Dodging        | |  2.6

Action                     |  1- 3 |  4- 6 |  7- 9 || total
---------------------------+-------+-------+-------++-------
  Melee: Unarmed           |    60 |   106 |   218 ||   384
         Punch             |     5 |     1 |    13 ||    19
    Use: Scroll            |       |       |    15 ||    15
 Armour: Animal skin       |    20 |    19 |       ||    39
         Ring mail         |       |    35 |   138 ||   173
  Dodge: Dodged            |    25 |    54 |   117 ||   196

Table legend: (Time is in decaauts)
 A = Elapsed time spent in this place.
 B = Non-inter-level travel time spent in this place.
 C = Inter-level travel time spent in this place.
 D = Time resting spent in this place.
 E = Time spent auto-exploring this place.
 F = Levels seen in this place.
 G = Mean time per level.
                   A        B        C        D        E       F      G
               +--------+--------+--------+--------+--------+-----+--------+
         Total |   3547 |   3379 |    168 |      0 |   2453 |   9 |  394.1 |
       Dungeon |   3175 |   3025 |    150 |      0 |   2283 |   7 |  453.6 |
        Temple |     39 |     21 |     18 |      0 |      0 |   1 |   39.0 |
         Sewer |    331 |    331 |      0 |      0 |    170 |   1 |  331.0 |
               +--------+--------+--------+--------+--------+-----+--------+

Top non-repeatable levels by time:
     D:3: 697 daAuts
     D:4: 621 daAuts
     D:1: 453 daAuts
     D:2: 436 daAuts
     D:6: 395 daAuts
   Sewer: 331 daAuts
     D:5: 293 daAuts
     D:7: 277 daAuts
  Temple: 39 daAuts
